 Dungeon Crawl Stone Soup version 0.28-a0-1389-gc726bef33b (webtiles) character file.

Game seed: 3090000987286609288

40 ChaosChampion the Skirmisher (level 3, -2/20 HPs)
             Began as a Vine Stalker Fighter on Jan 3, 2022.
             Slain by a gnoll (13 damage)
             ... on level 2 of the Dungeon.
             The game lasted 00:01:28 (1525 turns).

ChaosChampion the Skirmisher (Vine Stalker Fighter) Turns: 1525, Time: 00:01:28

Health: -2/20      AC:  7    Str: 20    XL:     3   Next: 50%
Magic:  0/4        EV:  9    Int:  8    God:
Gold:   67         SH:  4    Dex: 13    Spells: 2/2 levels left

rFire   . . .      SeeInvis +   a - +0 rapier
rCold   . . .      Faith    .   c - +0 buckler
rNeg    . . .      Spirit   +   b - +0 scale mail
rPois   .          Reflect  .   (no helmet)
rElec   .          Harm     .   (no cloak)
rCorr   .          Rampage  .   (no gloves)
Will    .....                   h - +0 pair of boots
Stlth   ..........              e - amulet of magic regeneration
HPRegen 0.06/turn               p - ring of see invisible
MPRegen 0.49/turn               (no ring)

@: no status effects
A: fangs 2, magic shield, antimagic bite, no potion heal 2
a: no special abilities


You were on level 2 of the Dungeon.
You visited 1 branch of the dungeon, and saw 2 of its levels.

You collected 67 gold pieces.

Inventory:

Hand Weapons
 a - a +0 rapier (weapon)
Armour
 b - a +0 scale mail (worn)
 c - a +0 buckler (worn)
 h - a +0 pair of boots (worn)
Jewellery
 e - an amulet of magic regeneration (around neck)
 p - a ring of see invisible (left hand)
Scrolls
 f - 2 scrolls of noise {unknown}
 g - a scroll of silence {unknown}
 i - a scroll of enchant armour {unknown}
 j - a scroll of amnesia {unknown}
 k - a scroll of identify {unknown}
 n - a scroll of teleportation {unknown}
 o - a scroll of magic mapping {unknown}
Potions
 d - a potion of might
 l - a potion of cancellation {unknown}
 m - a potion of degeneration {unknown}
 q - a potion of haste {unknown}


   Skills:
 + Level 3.0 Fighting
 + Level 2.1 Short Blades
 + Level 2.7 Armour
 + Level 0.8 Dodging
 + Level 3.0 Shields


You had 2 spell levels left.
You didn't know any spells.
Your spell library contained the following spells:

 Spells                   Type           Power      Damage    Failure   Level
 Petrify                  Tmut/Erth      0%         N/A       100%        4
 Metabolic Englaciation   Hex/Ice        0%         N/A       100%        5
 Statue Form              Tmut/Erth      0%         N/A       100%        6


Dungeon Overview and Level Annotations

Branches:
Dungeon (2/15)

Altars:

Shops:
D:1 :=*?*


Innate Abilities, Weirdness & Mutations

You have extremely sharp teeth.
When hurt, damage is shared between your health and your magic reserves.
Your bite disrupts and absorbs the magic of your enemies.
Potions cannot restore your health.


Message History

You hit the worm. You bite the worm. You drain its power.
You feel invigorated.
The worm is heavily wounded.
The worm bites you but does no damage.
You hit the worm but do no damage.
The worm is heavily wounded.
You puncture the worm!
You kill the worm!
No target in view!
No target in view!
No target in view!
No target in view!
No target in view!
You see here a worm corpse.
f - 2 scrolls labelled MEITOEMEISUN (gained 1)
p - a ring of see invisible You see here 19 stones.
A rat comes into view.
Found a grey potion.
p - a ring of see invisible (left hand)
A rat is nearby!
A rat is nearby!
You barely miss the rat. Your bite misses the rat. You block the rat's attack.
A rat is nearby!
You puncture the rat!
You kill the rat!
No target in view!
Found a stone staircase leading up.
q - a grey potion You see here 19 stones.
A gnoll comes into view. It is wielding a +3 halberd.
The gnoll shouts!
You hear a shout! x2
A gnoll comes into view. It is wielding a +0 halberd.
The gnoll shouts!
A rat comes into view.
The gnoll hits you with a +3 halberd!
You puncture the gnoll! You bite the gnoll, but do no damage.
The gnoll is severely wounded.
You block the gnoll's attack. The gnoll hits you with a +3 halberd!
Ouch! That really hurt!
You die...

#.....##########........####...#
#.....# #...>.<..##...#..
##..### #...........##### #..#
#......).#### ##.# #........#
#.# ####........## #.#
.............### ### ###
###...........###..
#@........##..#..#
#gg.###########...##
.....############.....<
..r####................. #.
#........####.....
#...........#.....
#........##.......
#############..... ######


You could see 2 gnolls and a rat.

Vanquished Creatures
  A worm (D:2)
  A dart slug (D:2)
  4 ball pythons (D:1)
  A bat (D:1)
  5 endoplasms
  2 goblins
  8 hobgoblins
  A quokka (D:1)
  4 kobolds (D:1)
  5 rats
32 creatures vanquished.

Notes
Turn   | Place    | Note
-------+----------+-------------------------------------------
     0 | D:1      | ChaosChampion the Vine Stalker Fighter began the quest for
                  | the Orb.
     0 | D:1      | Reached XP level 1. HP: 11/11 MP: 2/2
    13 | D:1      | Found Sastioj's Assorted Antiques.
   146 | D:1      | Reached XP level 2. HP: 16/16 MP: 3/3
   147 | D:1      | Found Ritoityun's Assorted Antiques.
   234 | D:1      | Found Mug Maaj's Jewellery Shop.
   386 | D:1      | Found Wannizucwe's Book Shop.
   643 | D:1      | Reached XP level 3. HP: 19/19 MP: 4/4
   959 | D:1      | Found Soerph's Magic Scroll Shoppe.
  1339 | D:2      | Found a faded altar of an unknown god.
  1525 | D:2      | Slain by a gnoll

Illustrated notes

Levels and vault maps discovered:
D:1:      grunt_arrival_lava_bath, layout_loops_cross, serial_shops, shop,
          nicolae_lakefront_shop, shop, shop, shop, fountainhead
D:2:      layout_rooms, chequers_ecumenical_altar_grove

Skill      XL: |  1  2  3 |
---------------+----------+-----
Short Blades   | 2 |  2.1
Fighting       | 3 |  3.0
Shields        | 3 |  3.0
Armour         | |  2.7
Dodging        | |  0.8

Action                   || total
-------------------------++-------
Melee: Rapier            ||    83
       Bite              ||    21
Armor: Scale mail        ||    29
Dodge: Dodged            ||    36
Block: Buckler           ||    19

Table legend: (Time is in decaauts)
 A = Elapsed time spent in this place.
 B = Non-inter-level travel time spent in this place.
 C = Inter-level travel time spent in this place.
 D = Time resting spent in this place.
 E = Time spent auto-exploring this place.
 F = Levels seen in this place.
 G = Mean time per level.
                   A        B        C        D        E       F      G
               +--------+--------+--------+--------+--------+-----+--------+
         Total |   1535 |   1518 |     17 |      0 |   1290 |   2 |  767.5 |
       Dungeon |   1535 |   1518 |     17 |      0 |   1290 |   2 |  767.5 |
               +--------+--------+--------+--------+--------+-----+--------+

Top non-repeatable levels by time:
     D:1: 1058 daAuts
     D:2: 477 daAuts
